AoeStats
← EeeZee3

Northern Isles

510976727Analyzed
1v1 RM · 7h ago on Oct 3, 2026· 45m 20s· 2 players
Game mode
Random Map
Map size
Tiny (2 player)
Population
200
Speed
Normal
Resources
Standard
Victory
Conquest
Starting age
Dark Age
Ending age
Imperial Age
RankedLock teamsTeams togetherTeam positionsShared explorationLock speedFull tech treeHidden civsTurbo modeCheats
Victory
Defeat
🇨🇭 Teutons · Switzerland
791
+9
🇨🇭 Varangians · Switzerland
635
-9
EeeZee3
1:14 Loom
12:14 Feudal Age
12:54 Double-Bit Axe
12:56 Fishing Lines
15:28 Horse Collar
17:49 Fletching
17:48 Town Watch
20:34 Castle Age
21:12 Scale Mail Armor
21:23 Forging
21:02 Arson
22:27 Bow Saw
22:56 Wheelbarrow
22:18 Gambesons
22:34 Squires
23:13 Gold Mining
23:15 Stone Mining
23:34 Heavy Plow
24:03 Medium Warships
24:11 Gillnets
26:09 Murder Holes
26:27 Careening
27:59 Iron Casting
27:40 Chain Mail Armor
29:03 Clinker Construction
29:48 Bodkin Arrow
37:12 Imperial Age
38:33 Ballistics
38:52 Conscription
39:12 Dry Dock
39:48 Gothikon
41:43 Crop Rotation
42:34 Bracer
44:01 Blast Furnace
43:07 Scale Barding Armor
dominik1
6:02 Loom
8:57 Feudal Age
9:38 Town Watch
9:42 Double-Bit Axe
13:33 Horse Collar
18:52 Castle Age
17:32 Fletching
17:43 Scale Mail Armor
19:55 Heavy Plow
20:41 Forging
20:49 Chain Mail Armor
20:41 Stone Mining
23:00 Scale Barding Armor
24:04 Wheelbarrow
25:09 Bow Saw
25:00 Bodkin Arrow
26:59 Ballistics
28:25 Iron Casting
35:45 Imperial Age
33:34 Hand Cart
39:11 Crenellations
39:57 Medium Warships
40:10 Medium Warships
40:26 Chain Barding Armor
41:07 Blast Furnace
40:42 Conscription
41:29 Chemistry
40:35 Siege Engineers
40:41 Masonry
41:31 Heavy Warships
42:06 Squires
41:38 Man-at-Arms
42:04 Gambesons
42:04 Arson
43:35 Two-Man Saw
42:29 Gold Mining
42:39 Long Swordsman
44:12 Hoardings
43:58 Ironclad
44:04 Town Patrol
44:43 Stone Shaft Mining
Connection lost

Rejoining the realm…

Still unreachable

The connection could not be restored.

Session expired

The server has moved on; the page needs a fresh start.